 Dungeon Crawl Stone Soup version 0.31-a0-1183-gd88bbb8b4d (webtiles) character file.

Game seed: 10679091087977254255

151 qw the Shooter (level 5, -2/32 HPs)
             Began as a Gargoyle Hunter on Dec 11, 2023.
             Slain by an orc wizard
             ... wielding a +0 dagger
              (3 damage)
             ... on level 3 of the Dungeon.
             The game lasted 00:01:11 (1682 turns).

qw the Shooter (Gargoyle Hunter)                    Turns: 1682, Time: 00:01:12

Health: -2/32      AC:  7    Str: 15    XL:     5   Next: 33%
Magic:  5/5        EV: 11    Int:  9    God:
Gold:   98         SH:  0    Dex: 15    Spells: 4/4 levels left

rFire   . . .        a - +0 shortbow
rCold   . . .        (shield currently unavailable)
rNeg    + . .        c - +0 leather armour
rPois   inf          (no helmet)
rElec   +            (no cloak)
rCorr   .            (no gloves)
SInv    .            (no boots)
Will    .....        (no amulet)
Stlth   ++           (no ring)
HPRegen 0.25/turn    (no ring)
MPRegen 0.09/turn

%: no passive effects
@: mighty, attractive
A: sickness immunity, AC +4, negative energy resistance 1, electricity
resistance, torment resistance 1, petrification resistance
a: no special abilities


You were on level 3 of the Dungeon.
You visited 1 branch of the dungeon, and saw 3 of its levels.

You collected 98 gold pieces.


Innate Abilities, Weirdness & Mutations

You are immune to sickness and miasma.
Your stone body is resilient. (AC +4)
You are immune to poison.
You resist negative energy. (rN+)
You are resistant to electric shocks. (rElec)
You are resistant to unholy torment.
You are immune to petrification.


   Skills:
 + Level 3.3 Fighting
 - Level 6.0 Ranged Weapons
 - Level 1.5 Dodging
 - Level 1.1 Stealth


You had 4 spell levels left.
You didn't know any spells.
Your spell library was empty.

Inventory:

Hand Weapons
 a - a +0 shortbow (weapon)
Armour
 c - a +0 leather armour (worn)
Jewellery
 f - an amulet of magic regeneration
Scrolls
 b - a scroll of identify
 g - a scroll of fog {unknown}
Potions
 d - 2 potions of curing

Dungeon Overview and Level Annotations

Branches:
Dungeon (3/15)

Altars:


Message History

Something hits you.
You shoot an arrow. The arrow hits the orc.
The orc is severely wounded.
Something hits you but does no damage.
You shoot an arrow. The arrow hits the orc.
You kill the orc!
The orc priest casts a cantrip, but nothing happens.
Something hits you. x2; The orc priest misses you.
You shoot an arrow. The arrow hits the orc priest!
The orc priest is heavily wounded.
The orc priest invokes the aid of Beogh against you.
You barely resist. The orc hits you but does no damage.
Something hits you but does no damage.
You shoot an arrow.
The arrow closely misses the orc priest.
The orc priest invokes the aid of Beogh against you.
Beogh smites you! The orc hits you with a +0 club. Something hits you.
You shoot an arrow.
The arrow completely misses the orc priest.
The orc priest closely misses you. The orc hits you but does no damage.
You hear some strange, mumbled words.
A magic dart appears from out of thin air!
The magic dart hits you!
1679 ||| DRINKING fuming dark potion.
It was a potion of attraction.
You feel attractive to monsters. The orc priest closely misses you.
The orc hits you with a +0 club. Something hits you but does no damage.
1680 ||| DRINKING lumpy orange potion.
It was a potion of might.
You feel very mighty all of a sudden. The orc priest barely misses you.
The orc closely misses you. Something hits you but does no damage.
You shoot an arrow. The arrow hits the orc priest.
The orc priest is heavily wounded.
The orc priest hits you but does no damage.
The orc hits you but does no damage. Something hits you.
You shoot an arrow.
The arrow closely misses the orc priest.
The orc priest hits you with a +0 short sword.
The orc closely misses you. Something hits you.
You die...

...#..#..######.#..........#%...#
........#### #.###..............
....#......# #.# #......>.###...
...##.##.#.####.###........# ##..
...##..#..................## ###
..####.########..........## .##
#......# #..##.......## .#
#######.##..##........###### .#
.......)@{#............## .#
........oo##.....#####... .#
#......#..##....## #### .#
.#....#...##.### # .# ..#..#
...... # .# ...#. .....# # ..
...# #.#.## # # .. .# # #


You could see an orc priest and an orc.

Vanquished Creatures
  A scorpion (D:3)
  3 adders
  A worm (D:2)
  A dart slug (D:2)
  2 orcs (D:3)
  2 bats
  7 endoplasms
  2 giant cockroaches (D:2)
  8 hobgoblins
  5 jackals
  2 quokkas (D:1)
  4 ball pythons
  3 frilled lizards
  7 goblins
  6 kobolds
  4 rats
58 creatures vanquished.

Notes
Turn   | Place    | Note
-------+----------+-------------------------------------------
     0 | D:1      | qw the Gargoyle Hunter began the quest for the Orb.
     0 | D:1      | Reached XP level 1. HP: 12/12 MP: 1/1
     0 | D:1      | 0 ||| qw: Version: 0.3-a-106-g2cfff9e
     0 | D:1      | 0 ||| qw: Game counter: 2080
     0 | D:1      | 0 ||| qw: Melee chars always use a shield: true
     0 | D:1      | 0 ||| qw: God list: Okawaru
     0 | D:1      | 0 ||| qw: Allow faded altars: false
     0 | D:1      | 0 ||| qw: Do Orc after clearing Dungeon:15 true
     0 | D:1      | 0 ||| qw: Do second Lair branch before Depths: true
     0 | D:1      | 0 ||| qw: Lair rune preference: random
     0 | D:1      | 0 ||| qw: Goals: Normal, Save, Zot:1-4, Win
     0 | D:1      | 0 ||| PLANNING D:1-11
   117 | D:1      | Reached XP level 2. HP: 13/17 MP: 2/2
   605 | D:1      | 605 ||| DROPPING scroll of butterflies.
   845 | D:2      | 845 ||| FLEEEEING.
   846 | D:2      | 846 ||| FLEEEEING.
   847 | D:2      | 847 ||| FLEEEEING.
   886 | D:2      | Reached XP level 3. HP: 21/21 MP: 3/3
   901 | D:2      | 901 ||| FLEEEEING.
   902 | D:2      | 902 ||| FLEEEEING.
   904 | D:2      | Reached skill level 5 in Ranged Weapons
   906 | D:2      | 906 ||| FLEEEEING.
   907 | D:2      | 907 ||| FLEEEEING.
   908 | D:2      | 908 ||| FLEEEEING.
   909 | D:2      | 909 ||| FLEEEEING.
   910 | D:2      | 910 ||| FLEEEEING.
   913 | D:2      | 913 ||| FLEEEEING.
  1205 | D:2      | Reached skill level 3 in Fighting
  1230 | D:2      | 1230 ||| READING scroll labelled GYFOUR HINE.
  1231 | D:2      | 1231 ||| READING scroll labelled AFFEUK MYADO.
  1231 | D:2      | 1231 ||| IDENTIFYING dark potion
  1232 | D:2      | 1232 ||| READING scroll labelled RERAUNTIWAX.
  1233 | D:2      | 1233 ||| READING scroll labelled GOLU JOKETO.
  1267 | D:3      | 1267 ||| STAIRDANCE
  1384 | D:3      | Reached XP level 4. HP: 28/28 MP: 4/4
  1520 | D:3      | Noticed a scorpion
  1531 | D:3      | Killed a scorpion
  1532 | D:3      | Reached skill level 6 in Ranged Weapons
  1532 | D:3      | Reached XP level 5. HP: 30/32 MP: 5/5
  1678 | D:3      | HP: 3/32 [something/magic dart (10)]
  1679 | D:3      | 1679 ||| DRINKING fuming dark potion.
  1680 | D:3      | 1680 ||| DRINKING lumpy orange potion.
  1682 | D:3      | HP: 1/32 [orc priest/+0 short sword (1)]
  1682 | D:3      | Slain by an orc wizard

Levels and vault maps discovered:
D:1:      minmay_arrival_up_and_down, layout_basic, eino_curves_03,
          minmay_misc_feat_diagonals
D:2:      layout_rooms
D:3:      layout_rooms, trog_hazing_becter, serial_bayou_pond_c,
          minmay_misc_feat_nine_boxes, hangedman_decor_opposing

Skill      XL: |  1  2  3  4 |
---------------+-------------+-----
Ranged Weapons | 5 6 |  6.0
Fighting       | 3 |  3.3
Dodging        | |  1.5
Stealth        | |  1.1

Action                     |  1- 3 |  4- 6 || total
---------------------------+-------+-------++-------
   Fire: Shortbow          |   126 |    75 ||   201
    Use: Scroll            |     4 |       ||     4
         Potion            |       |     2 ||     2
 Armour: Leather armour    |    22 |    50 ||    72
  Dodge: Dodged            |    21 |    30 ||    51

Table legend:
 A = Non-vault XP
 B = Vault XP
 C = Vault XP percentage of total XP
 D = Non-vault monster count
 E = Vault monster count
 F = Vault count percentage of total count
                 A         B        C        D         E       F
            +---------+---------+-------+---------+---------+-------
      Total |     206 |      10 |   4.6 |      52 |       6 |  10.3
            +---------+---------+-------+---------+---------+-------
        D:1 |      26 |       0 |   0.0 |      16 |       0 |   0.0
        D:2 |      49 |       0 |   0.0 |      19 |       0 |   0.0
        D:3 |     131 |      10 |   7.1 |      17 |       6 |  26.1
            +---------+---------+-------+---------+---------+-------
